 Dungeon Crawl Stone Soup version 0.27-a0-1101-ge311f74bc8 (webtiles) character file.

Game seed: 11325440905591177745

18 tardwrangler69 the Digger (level 2, 0/17 HPs)
             Began as an Octopode Earth Elementalist on Apr 29, 2021.
             Slain by a goblin
             ... wielding a +0 dagger
              (3 damage)
             ... on level 1 of the Dungeon.
             The game lasted 00:00:35 (674 turns).

tardwrangler69 the Digger (OpEE)                     Turns: 674, Time: 00:00:37

Health: 0/17       AC:  1    Str:  7    XL:     2   Next: 70%
Magic:  2/5        EV: 13    Int: 17    God:
Gold:   11         SH:  0    Dex: 12    Spells: 4/5 levels left

rFire    . . .     SeeInvis .   (no weapon)
rCold    . . .     Faith    .   (no shield)
rNeg     . . .     Spirit   .   (helmet restricted)
rPois    .         Reflect  .   (no amulet)
rElec    .         Harm     .   (no ring)
rCorr    .         Rampage  .   (no ring)
Will     .....                  (no ring)
Stlth    +++.......             (no ring)
HPRegen  0.05/turn              (no ring)
MPRegen  0.09/turn              (no ring)
                                (no ring)
                                (no ring)

@: very slightly contaminated
A: almost no armour, amphibious, 8 rings, camouflage 1, gelatinous body 1,
(nimble swimmer 1), tentacles
a: no special abilities


You were on level 1 of the Dungeon.
You visited 1 branch of the dungeon, and saw 1 of its levels.

You collected 11 gold pieces.

Inventory:

Missiles
 b - 16 stones
Jewellery
 d - a +6 ring of dexterity
Scrolls
 a - a scroll of identify {unknown}
 c - a scroll of teleportation {unknown}


   Skills:
 - Level 2.0 Dodging
 - Level 2.6 Stealth
 + Level 2.3 Spellcasting
 - Level 1.0 Transmutations
 * Level 3.6 Earth Magic


You had 4 spell levels left.
You knew the following spells:

 Your Spells              Type           Power      Damage    Failure   Level
a - Sandblast             Erth           28%        2d8       4%          1

Your spell library contained the following spells:

 Spells                   Type           Power      Damage    Failure   Level
 Passwall                 Tmut/Erth      7%         N/A       11%         2
 Stone Arrow              Conj/Erth      16%        3d8       26%         3
 Petrify                  Tmut/Erth      9%         N/A       56%         4
 Lee's Rapid Deconstruct  Erth           7%         3d7*      75%         5


Dungeon Overview and Level Annotations

Branches:
Dungeon (1/15)

Altars:


Innate Abilities, Weirdness & Mutations

You cannot wear most types of armour.
You are amphibious.
You can wear up to eight rings at the same time.
Your skin changes colour to match your surroundings (Stealth+).
Your rubbery body absorbs attacks. (AC +1, EV +1)
((You are camouflaged near water. (Stealth+)))
You have tentacles for arms and can constrict up to eight enemies at once.


Message History

The quokka bites you but does no damage.
You tentacle-slap the dart slug but do no damage.
You squeeze the dart slug, but do no damage.
The dart slug is heavily wounded.
You constrict the dart slug.
The goblin shouts!
The quokka closely misses you. The dart slug misses you.
You tentacle-slap the dart slug.
The dart slug is severely wounded.
You constrict the dart slug. The quokka closely misses you.
The dart slug misses you.
You tentacle-slap the dart slug.
The dart slug is almost dead.
You constrict the dart slug. The quokka bites you. x2
Casting: Sandblast (safe; 4% risk of failure)
Confirm with . or Enter, or press ? or * to list all spells.
Aiming: Sandblast (safe; 4% risk of failure)
Press: ? - help, Shift-Dir - straight line, f - dart slug
Aim: a dart slug (almost dead, constricted by you, 100% to hit)
The blast of sand hits the dart slug.
You kill the dart slug!
The quokka barely misses you.
Casting: Sandblast (safe; 4% risk of failure)
Confirm with . or Enter, or press ? or * to list all spells.
Aiming: Sandblast (safe; 4% risk of failure)
Press: ? - help, Shift-Dir - straight line, f - quokka
Aim: a quokka (71% to hit)
You miscast Sandblast.
You are very lightly contaminated with residual magic.
Nothing appears to happen.
The quokka bites you.
* * * LOW HITPOINT WARNING * * *
Casting: Sandblast (safe; 4% risk of failure)
Confirm with . or Enter, or press ? or * to list all spells.
Aiming: Sandblast (safe; 4% risk of failure)
Press: ? - help, Shift-Dir - straight line, f/p - quokka
Aim: a quokka (71% to hit)
The blast of sand misses the quokka.
The quokka bites you.
* * * LOW HITPOINT WARNING * * *
The goblin hits you with a +0 dagger.
You die...

.# . ##. ##+## #..
##...## #.# ##.....##
#.# ##.......##
#†###.#
#.........####@....##
+.........'..rg.......
#.........##.#...#.###
##.......###.##..# #
##..†..## #.# #.#
##†..## #.# .# #)#.#
#.# .# #..#.# #.# .#
#.#.#.## #.#


You could see a quokka and a goblin.

Vanquished Creatures
  A dart slug (D:1)
  2 ball pythons (D:1)
  2 endoplasms (D:1)
  A giant cockroach (D:1)
  2 goblins (D:1)
  2 hobgoblins (D:1)
  A bat (D:1)
  A frilled lizard (D:1)
  3 rats (D:1)
15 creatures vanquished.

Notes
Turn   | Place    | Note
-------+----------+-------------------------------------------
     0 | D:1      | tardwrangler69 the Octopode Earth Elementalist began the
                  | quest for the Orb.
     0 | D:1      | Reached XP level 1. HP: 11/11 MP: 3/3
   445 | D:1      | Found a faded altar of an unknown god.
   453 | D:1      | Reached XP level 2. HP: 13/17 MP: 5/5
   674 | D:1      | Slain by a goblin

Illustrated notes

Levels and vault maps discovered:
D:1:      dpeg_arrival_water_fire, layout_loops_corners,
          ebering_ecumenical_altar_sacrificial, serial_bayou_pond_a,
          minmay_cut_off

Action                   || total
-------------------------++-------
Melee: Unarmed           ||    21
       Constrict         ||     4
       Tentacles         ||     3
 Cast: Sandblast         ||    14
 Stab: Sleeping          ||     2
Armor: Skin              ||     8
Dodge: Dodged            ||    24

Table legend: (Time is in decaauts)
 A = Elapsed time spent in this place.
 B = Non-inter-level travel time spent in this place.
 C = Inter-level travel time spent in this place.
 D = Time resting spent in this place.
 E = Time spent auto-exploring this place.
 F = Levels seen in this place.
 G = Mean time per level.
                   A        B        C        D        E       F      G
               +--------+--------+--------+--------+--------+-----+--------+
         Total |    674 |    674 |      0 |      0 |    596 |   1 |  674.0 |
       Dungeon |    674 |    674 |      0 |      0 |    596 |   1 |  674.0 |
               +--------+--------+--------+--------+--------+-----+--------+

Top non-repeatable levels by time:
     D:1: 674 daAuts
